 Dungeon Crawl Stone Soup version 0.29.1-15-g9cfb28693d (webtiles) character file.

Game seed: 14840221383049966693

16 H0rd4k the Charlatan (level 2, -2/21 HPs)
             Began as a Human Artificer on Apr 19, 2023.
             Slain by a hobgoblin
             ... wielding a +0 flail
              (9 damage)
             ... on level 2 of the Dungeon.
             The game lasted 00:01:04 (1202 turns).

H0rd4k the Charlatan (Human Artificer)              Turns: 1202, Time: 00:01:04

Health: -2/21      AC:  3    Str: 12    XL:     2   Next: 75%
Magic:  2/2        EV: 11    Int: 11    God:
Gold:   16         SH:  0    Dex: 13    Spells: 1/1 levels left

rFire   . . .      SeeInvis .   a - +0 club
rCold   . . .      Faith    .   (no shield)
rNeg    . . .      Spirit   .   b - +0 leather armour
rPois   .          Reflect  .   (no helmet)
rElec   .          Harm     .   (no cloak)
rCorr   .          Rampage  .   (no gloves)
Will    .....                   (no boots)
Stlth   +.........              (no amulet)
HPRegen 0.07/turn               (no ring)
MPRegen 0.08/turn               (no ring)

@: no status effects
A: no striking features
a: no special abilities


You were on level 2 of the Dungeon.
You visited 1 branch of the dungeon, and saw 2 of its levels.

You collected 16 gold pieces.

Inventory:

Hand Weapons
 a - a +0 club (weapon)
Armour
 b - a +0 leather armour (worn)
Wands
 c - a wand of flame (14) (quivered)
 d - a wand of charming (13)
 e - a wand of iceblast (5)
Scrolls
 f - a scroll of identify {unknown}


   Skills:
 + Level 1.0 Fighting
 + Level 0.6 Maces & Flails
 - Level 2.0 Armour
 + Level 1.0 Dodging
 + Level 1.2 Stealth
 + Level 3.5 Evocations


You had one spell level left.
You didn't know any spells.
Your spell library was empty.

Dungeon Overview and Level Annotations

Branches:
Dungeon (2/15)

Altars:


Message History

You open the door.
There is an open door here.
A bat comes into view.
A bat is nearby!
A bat is nearby!
The bat barely misses you. x2
You miss the bat. The bat barely misses you. x2
A hobgoblin comes into view. It is wielding a +0 flail.
The bat hits you.
You miss the bat. The bat barely misses you.
The hobgoblin shouts!
The bat hits you.
You hit the bat.
The bat is moderately wounded.
The bat misses you.
A rat comes into view.
The bat barely misses you.
There are monsters nearby!
There are monsters nearby!
There are monsters nearby!
You hit the bat but do no damage.
The bat is moderately wounded.
The bat misses you. The bat hits you but does no damage.
The hobgoblin attacks as you move away! The hobgoblin barely misses you.
The bat hits you but does no damage. The bat closely misses you.
The hobgoblin attacks as you move away! The hobgoblin closely misses you.
The bat hits you but does no damage. The bat hits you but does no damage.
The hobgoblin hits you with a +0 flail. The bat hits you.
The hobgoblin attacks as you move away! The hobgoblin hits you with a +0 flail!
The bat closely misses you. The bat barely misses you.
The bat closely misses you. The bat attacks as you move away!
The bat barely misses you. The bat hits you but does no damage.
You hit the bat.
You kill the bat!
The hobgoblin closely misses you.
You barely miss the hobgoblin. The hobgoblin hits you with a +0 flail!
You die...

#....... #.. #.#...... .#..
####.#..... .'...+..#.#.....
.#...##.#.#.....
..........#.... #.#######..
............##### #..........
#...........rg@.# #..........
#..........####.### #..........
#..........####.#..##..........
...............................
.................S.......S.....
###.##..##########..#.........#
#.#..#..###.. ..#.........#
#..#...#.##.# #.#.........#
##...#...##.# #.#.#######.#


You could see an adder (wandering), a hobgoblin and a rat.

Vanquished Creatures
  A dart slug (D:1)
  3 ball pythons
  A bat (D:2)
  3 endoplasms
  A jackal (D:1)
  A frilled lizard (D:1)
  2 rats (D:2)
12 creatures vanquished.

Vanquished Creatures (collateral kills)
  A hobgoblin (D:2)
1 creature vanquished.

Vanquished Creatures (others)
  A jackal (D:1)
1 creature vanquished.

Grand Total: 14 creatures vanquished

Notes
Turn   | Place    | Note
-------+----------+-------------------------------------------
     0 | D:1      | H0rd4k the Human Artificer began the quest for the Orb.
     0 | D:1      | Reached XP level 1. HP: 15/15 MP: 1/1
   405 | D:1      | Reached XP level 2. HP: 19/21 MP: 2/2
  1202 | D:2      | Slain by a hobgoblin

Illustrated notes

Levels and vault maps discovered:
D:1:      saegor_arrival_under_anarchy, layout_basic
D:2:      layout_basic, basic_altar, hex_tiny, kennysheep_boxes

Action                   || total
-------------------------++-------
Melee: Club              ||    68
       Punch             ||     1
Evoke: Wand              ||     3
Armor: Leather armour    ||    30
Dodge: Dodged            ||    57
